 Dungeon Crawl Stone Soup version 0.21.1-1-g345015f (webtiles) character file.

51 tidbits the Charmwright (level 3, -1/31 HPs)
             Began as a Gnoll Skald on Feb 10, 2018.
             Slain by a gnoll
             ... wielding a +0 spear
              (9 damage)
             ... on level 3 of the Dungeon.
             The game lasted 00:02:53 (310 turns).

tidbits the Charmwright (Gnoll Skald)                Turns: 310, Time: 00:02:54

Health: -1/31      AC:  3    Str: 13    XL:     3   Next: 83%
Magic:  5/9        EV: 14    Int: 16    God:
Gold:   97         SH:  0    Dex: 14    Spells: 1/12 levels left

rFire    . . .     SeeInvis .   a - +0 hand axe
rCold    . . .     Gourm    .   (no shield)
rNeg     . . .     Faith    .   b - +0 leather armour
rPois    .         Spirit   .   (no helmet)
rElec    .         Reflect  .   (no cloak)
rCorr    .         Harm     .   (no gloves)
MR       .....                  (no boots)
Stlth    +.........             (no amulet)
HPRegen  0.10/turn              (no ring)
MPRegen  0.11/turn              (no ring)

@: no status effects
A: distributed training, fangs 1, strong nose
a: no special abilities


You were on level 3 of the Dungeon.
You were full.

You visited 1 branch of the dungeon, and saw 4 of its levels.

You collected 97 gold pieces.

Inventory:

Hand Weapons
 a - a +0 hand axe (weapon)
 e - a +0 short sword
 f - a +0 morningstar
 g - a +0 dagger
 i - a +0 mace of crushing
   (You took it off an orc on level 3 of the Dungeon)
Armour
 b - a +0 leather armour (worn)
 j - a +0 ring mail
Scrolls
 m - a scroll of enchant armour {unknown}
 n - a scroll of magic mapping {unknown}
 o - a scroll of amnesia {unknown}
Potions
 h - a potion of might {unknown}
 k - a potion of curing {unknown}
 l - a potion of heal wounds {unknown}
Books
 c - a book of Battle

   Spells                             Type                      Level
   a - Infusion                       Charms                       1
   b - Shroud of Golubria             Charms/Translocation         2
   c - Song of Slaying                Charms                       2
   d - Spectral Weapon                Hexes/Charms                 3
   e - Regeneration                   Charms/Necromancy            3
Comestibles
 d - 4 rations


   Skills:
 + Level 4.5 Fighting
 + Level 0.9 Short Blades
 + Level 0.9 Long Blades
 + Level 4.5 Axes
 + Level 0.9 Maces & Flails
 + Level 0.9 Polearms
 + Level 0.9 Staves
 + Level 0.9 Slings
 + Level 0.9 Bows
 + Level 0.9 Crossbows
 + Level 0.9 Throwing
 + Level 2.6 Armour
 + Level 4.5 Dodging
 + Level 0.9 Stealth
 + Level 0.9 Shields
 + Level 0.9 Unarmed Combat
 + Level 5.0 Spellcasting
 + Level 0.6 Conjurations
 + Level 0.6 Hexes
 + Level 5.4 Charms
 + Level 0.6 Summonings
 + Level 0.6 Necromancy
 + Level 0.6 Translocations
 + Level 0.6 Transmutations
 + Level 0.6 Fire Magic
 + Level 0.6 Ice Magic
 + Level 0.6 Air Magic
 + Level 0.6 Earth Magic
 + Level 0.6 Poison Magic
 + Level 1.0 Invocations
 + Level 0.9 Evocations


You had one spell level left.
You knew the following spells:

 Your Spells              Type           Power        Failure   Level  Hunger
g - Shroud of Golubria    Chrm/Tloc      ##........   9%          2    #......
i - Infusion              Chrm           ###.         1%          1    None
r - Regeneration          Chrm/Necr      ##........   17%         3    ###....
w - Spectral Weapon       Hex/Chrm       ##......     17%         3    ###....
y - Song of Slaying       Chrm           ###.....     3%          2    #......


Dungeon Overview and Level Annotations

Branches:
Dungeon (4/15)
 Temple: D:4-7

Altars:


Innate Abilities, Weirdness & Mutations

Your experience applies equally to all skills.
You have very sharp teeth.
Your uncanny sense of smell can sniff out nearby items.


Message History

The rat bites you. The rat bites you.
You hit the dart slug but do no damage. You hit the rat.
You kill the rat!
Your spectral weapon hits the dart slug.
The dart slug closely misses you.
Your leather armour prevents you from hitting the dart slug.
The dart slug is moderately wounded.
Your spectral weapon hits the dart slug!
You kill the dart slug!
You see here a ration.
d - 3 rations (gained 1)
Casting: Spectral Weapon
Confirm with . or Enter, or press ? or * to list all spells.
Your skin crawls.
Your skin is crawling a little less now.
A hobgoblin comes into view.
Found a fuming grey potion.
You hit the hobgoblin.
You kill the hobgoblin!
Your Invocations skill increases to level 1!
Press: ? - help, v - describe, . - travel A rock wall.
Your skin stops crawling.
You see here a hobgoblin corpse.
Found a murky black potion.
Found a scroll labeled DISIEPNI POHO and a scroll labeled ARYXEI OVECKATT.
You see here a fuming grey potion.
k - a fuming grey potion
Found a flail.
You see here a murky black potion.
l - a murky black potion Your spectral weapon fades away.
You see here a scroll labeled DISIEPNI POHO.
m - a scroll labeled DISIEPNI POHO
Found a short sword.
You see here a scroll labeled ARYXEI OVECKATT.
n - a scroll labeled ARYXEI OVECKATT
Found 23 stones.
Unknown command.
Found 17 poisoned needles.
Found 15 gold pieces.
Found 14 poisoned needles.
You see here 15 gold pieces.
You now have 97 gold pieces (gained 15).
Found a scroll labeled MIUCOA MOMY.
You see here a ration.
d - 4 rations (gained 1)
Found a stone staircase leading down.
You see here a scroll labeled MIUCOA MOMY.
o - a scroll labeled MIUCOA MOMY A goblin comes into view.
The goblin shouts!
A gnoll comes into view. It is wielding a spear.
There is a stone staircase leading down here.
Casting: Regeneration
Confirm with . or Enter, or press ? or * to list all spells.
You draw out your weapon's spirit!
The gnoll shouts!
You hear a shout!
You slash the goblin!
You kill the goblin!
A gnoll comes into view. It is wielding a spear.
Casting: Spectral Weapon
Confirm with . or Enter, or press ? or * to list all spells.
Space distorts slightly along a thin shroud covering your body.
Unknown command.
The gnoll misses you.
The gnoll hits you from afar with a spear.
Your shroud falls apart!
The gnoll hits you with a spear.
A kobold comes into view. It is wielding a short sword.
The kobold shouts!
You hear a shout!
The gnoll hits you from afar with a spear.
The gnoll barely misses you.
A gnoll comes into view. It is wielding a spear.
You barely miss the gnoll. You bite the gnoll, but do no damage.
Your spectral weapon hits the gnoll.
The kobold throws a stone.
The stone hits you but does no damage. The gnoll misses you.
The gnoll barely misses you.
Your leather armour prevents you from hitting the gnoll.
The gnoll is lightly wounded.
Your spectral weapon hits the gnoll!
The kobold throws a stone.
The stone hits you. The gnoll closely misses you.
The gnoll hits your spectral weapon with a spear.
Your spectral weapon shares its damage with you!
You closely miss the gnoll.
The gnoll is severely wounded.
Your spectral weapon hits the gnoll.
You kill the gnoll!
The gnoll closely misses you.
The gnoll hits you from afar with a spear!
* * * LOW HITPOINT WARNING * * *
The gnoll barely misses you.
You see here a spear.
You hit the gnoll.
The gnoll is moderately wounded.
The gnoll hits you but does no damage.
Your spectral weapon hits the gnoll but does no damage. x2
The gnoll hits you with a spear!
You die...

..............#.......
................... ..
.......#....#....###..
......................
......................
...........>.........
..................#
..................#
.............(@(g.#
...########...g..# ..
#..K.......
#.##.####.. ... .g .
##.# #.# ∆ ∆ #. .. #.
...


You could see 3 gnolls, a kobold and a friendly spectral hand axe.

Vanquished Creatures
  A centaur skeleton (D:2)
  A gnoll (D:3)
  A dart slug (D:3)
  An orc (D:3)
  2 goblins (D:3)
  3 hobgoblins
  A frilled lizard (D:4)
  2 rats
12 creatures vanquished.

Notes
Turn   | Place    | Note
-------+----------+-------------------------------------------
     0 | D:1      | tidbits the Gnoll Skald began the quest for the Orb.
     0 | D:1      | Reached XP level 1. HP: 20/20 MP: 6/6
   102 | D:2      | Reached skill level 5 in Spellcasting
   102 | D:2      | Reached XP level 2. HP: 14/26 MP: 0/8
   102 | D:2      | Reached XP level 3. HP: 17/31 MP: 0/9
   106 | D:2      | Learned a level 2 spell: Song of Slaying
   109 | D:2      | Learned a level 2 spell: Shroud of Golubria
   113 | D:2      | Learned a level 3 spell: Regeneration
   117 | D:2      | Learned a level 3 spell: Spectral Weapon
   163 | D:4      | Noticed a scorpion
   247 | D:3      | Reached skill level 1 in Invocations
   310 | D:3      | Slain by a gnoll

Skill      XL: |  1  2  3 |
---------------+----------+-----
Spellcasting   | 5 |  5.0
Invocations    | 1 |  1.0
Fighting       | |  4.5
Short Blades   | |  0.9
Long Blades    | |  0.9
Axes           | |  4.5
Maces & Flails | |  0.9
Polearms       | |  0.9
Staves         | |  0.9
Slings         | |  0.9
Bows           | |  0.9
Crossbows      | |  0.9
Throwing       | |  0.9
Armour         | |  2.6
Dodging        | |  4.5
Stealth        | |  0.9
Shields        | |  0.9
Unarmed Combat | |  0.9
Conjurations   | |  0.6
Hexes          | |  0.6
Charms         | |  5.4
Summonings     | |  0.6
Necromancy     | |  0.6
Translocations | |  0.6
Transmutations | |  0.6
Fire Magic     | |  0.6
Ice Magic      | |  0.6
Air Magic      | |  0.6
Earth Magic    | |  0.6
Poison Magic   | |  0.6
Evocations     | |  0.9

Action                   || total
-------------------------++-------
Melee: Hand axe          ||    25
       Bite              ||     4
 Cast: Infusion          ||     2
       Spectral Weapon   ||     3
       Regeneration      ||     1
       Shroud of Golubri ||     1
  Eat: Ration            ||     1
Armor: Leather armour    ||     2
Dodge: Dodged            ||    15

Table legend:
 A = Turns spent in this place as a percentage of turns spent in the entire game.
 B = Non-inter-level travel turns spent in this place as a percentage of non-inter-level travel turns spent in the entire game.
 C = Inter-level travel turns spent in this place as a percentage of turns spent in this place.
 D = Turns resting spent in this place as a percentage of non-inter-level travel turns spent in this place.
 E = Turns spent auto-exploring this place as a percentage of non-inter-level travel turns spent in this place.
 F = Non-inter-level travel turns spent in this place divided by the number of levels of this place that you've seen.
                   A       B       C       D       E      F
               +-------+-------+-------+-------+-------+----------------------
         Total | 100.0 | 100.0 |   0.0 |   0.0 |   0.0 |  77.5
       Dungeon | 100.0 | 100.0 |   0.0 |   0.0 |   0.0 |  77.5
               +-------+-------+-------+-------+-------+----------------------

Table legend:
 A = Kills in this place as a percentage of kills in entire the game.
 B = Kills by you in this place as a percentage of kills by you in the entire game.
 C = Kills by friends in this place as a percentage of kills by friends in the entire game.
 D = Other kills in this place as a percentage of other kills in the entire game.
 E = Experience gained in this place as a percentage of experience gained in the entire game.
 F = Experience gained in this place divided by the number of levels of this place that you have seen.
                   A       B       C       D       E      F
               +-------+-------+-------+-------+-------+----------------------
         Total | 100.0 | 100.0 |   N/A |   N/A | 100.0 |  18.5
       Dungeon | 100.0 | 100.0 |   N/A |   N/A | 100.0 |  18.5
               +-------+-------+-------+-------+-------+----------------------

Vault maps used:
D:1:      minmay_arrival_stone_box
D:2:      fedhas_altar_1, uniq_jessica
D:3:      first_ration
D:4:      serial_shops, shop, st_stairs_8, palyth_stone_intersect,
          amethyst_killhole, uniq_sigmund
